 Dungeon Crawl Stone Soup version 0.28-a0-1114-g8eb0198dcf (webtiles) character file.

Game seed: 6603270506343637618

76 vifbvl the Vexing (level 4, -3/21 HPs)
             Began as a Spriggan Enchanter on Dec 11, 2021.
             Slain by a hobgoblin (5 damage)
             ... led by Robin
             ... on level 2 of the Dungeon.
             The game lasted 00:02:58 (2007 turns).

vifbvl the Vexing (Spriggan Enchanter)              Turns: 2007, Time: 00:02:59

Health: -3/21      AC:  2    Str:  6    XL:     4   Next: 12%
Magic:  6/11       EV: 17    Int: 16    God:
Gold:   48         SH:  0    Dex: 15    Spells: 3/11 levels left

rFire   . . .      SeeInvis +   a - +1 dagger
rCold   . . .      Faith    .   (shield restricted)
rNeg    . . .      Spirit   .   b - +0 robe
rPois   .          Reflect  .   (helmet restricted)
rElec   .          Harm     .   (no cloak)
rCorr   .          Rampage  .   (gloves unavailable)
Will    .....                   (boots unavailable)
Stlth   +++.......              (no amulet)
HPRegen 0.07/turn               (no ring)
MPRegen 0.12/turn               (no ring)

@: very quick
A: very small, no large weapons, unfitting armour, see invisible, speed 3
a: no special abilities


You were on level 2 of the Dungeon.
You visited 1 branch of the dungeon, and saw 2 of its levels.

You collected 48 gold pieces.

Inventory:

Hand Weapons
 a - a +1 dagger (weapon)
 e - a +1 short sword of protection
Armour
 b - a +0 robe (worn)
Potions
 d - a potion of attraction {unknown}


   Skills:
 - Level 1.1 Short Blades
 - Level 2.6 Dodging
 - Level 4.4 Stealth
 + Level 4.3 Spellcasting
 + Level 5.0 Hexes


You had 3 spell levels left.
You knew the following spells:

 Your Spells              Type           Power      Damage    Failure   Level
a - Ensorcelled Hibernat  Hex/Ice        22%        N/A       9%          2
b - Tukima's Dance        Hex            19%        N/A       6%          3
c - Dazzling Flash        Conj/Hex       22%        N/A       17%         3

Your spell library contained the following spells:

 Spells                   Type           Power      Damage    Failure   Level
 Confusing Touch          Hex            19%        N/A       6%          3
 Gell's Gravitas          Tloc           3%         N/A       43%         3
 Lesser Beckoning         Tloc           3%         N/A       43%         3
 Teleport Other           Tloc           3%         N/A       43%         3


Dungeon Overview and Level Annotations

Branches:
Dungeon (2/15)

Altars:


Innate Abilities, Weirdness & Mutations

You are very small and have problems with some larger weapons.
You are too small for most types of armour.
You have supernaturally acute eyesight. (SInv)
You cover ground extremely quickly. (Speed+++)


Message History

Robin hits you with a +0 dagger.
* * * LOW HITPOINT WARNING * * *
You barely miss the hobgoblin.
The hobgoblin is almost dead.
The hobgoblin misses you. The hobgoblin closely misses you.
The goblin shoots a stone.
The stone misses you.
The stone barely misses Robin.
Robin closely misses you.
You hit the hobgoblin.
You kill the hobgoblin!
The hobgoblin barely misses you.
You flicker for a moment.
The goblin shoots a stone.
The stone closely misses Robin.
The hobgoblin no longer looks unusually strong.
Robin says, "Kneel, worm!"
Robin roars a battlecry!
The hobgoblin goes into a battle-frenzy!
You see here a ring of wizardry.
Things that are here:
a +0 club; a goblin corpse You strike the helpless Robin from behind!
You puncture Robin!
Robin is almost dead.
Robin barely misses you.
The goblin shoots a stone.
The stone hits Robin!
Robin dies!
Your Hexes skill increases to level 5!
You closely miss the hobgoblin.
The hobgoblin is moderately wounded.
The goblin shoots a stone.
The stone closely misses the hobgoblin.
The stone completely misses you.
The goblin no longer looks unusually strong.
The goblin shoots a stone.
The stone misses the hobgoblin.
The stone misses you.
Items here: ) [[ †.
You closely miss the hobgoblin.
The hobgoblin is lightly wounded.
The goblin shoots a stone.
The stone hits you.
* * * LOW HITPOINT WARNING * * *
You flicker back into view.
The hobgoblin hits you.
You die...

#...... #..#.## #.... #
##..# . #...# ..
###...#...
##############....(#...
##....).g...##....#.####
#...g))@)).....####.#
.....†).=.....## #.#
..............# #.#
......$.......# #.#
..............# #.# ##
.......>......# ##.###.
#............## #......
##..........## #....##
############ #....#


You could see a hobgoblin (strong) and a goblin.

Vanquished Creatures
  An iguana (D:2)
  An adder (D:2)
  A dart slug (D:2)
  A ball python (D:1)
  2 bats (D:2)
  3 endoplasms
  A giant cockroach (D:1)
  8 goblins
  4 hobgoblins
  3 frilled lizards
  2 kobolds
  A rat (D:1)
28 creatures vanquished.

Vanquished Creatures (others)
  Robin (D:2)
  2 goblins (D:2)
  A hobgoblin (D:2)
4 creatures vanquished.

Grand Total: 32 creatures vanquished

Notes
Turn   | Place    | Note
-------+----------+-------------------------------------------
     0 | D:1      | vifbvl the Spriggan Enchanter began the quest for the Orb.
     0 | D:1      | Reached XP level 1. HP: 9/9 MP: 5/5
   215 | D:1      | Reached skill level 4 in Hexes
   215 | D:1      | Reached XP level 2. HP: 13/13 MP: 7/7
   218 | D:1      | Learned a level 2 spell: Ensorcelled Hibernation
   632 | D:1      | Found a faded altar of an unknown god.
  1072 | D:2      | Reached XP level 3. HP: 5/16 MP: 1/9
  1076 | D:2      | Learned a level 3 spell: Tukima's Dance
  1080 | D:2      | Learned a level 3 spell: Dazzling Flash
  1973 | D:2      | Noticed Robin
  1989 | D:2      | Reached XP level 4. HP: 20/21 MP: 11/11
  2003 | D:2      | Killed Robin
  2004 | D:2      | Reached skill level 5 in Hexes
  2007 | D:2      | Slain by a hobgoblin

Illustrated notes

Levels and vault maps discovered:
D:1:      saegor_arrival_simple_e, layout_loops_ring,
          dreamdust_ecumenical_altar_statues
D:2:      layout_rooms, uniq_robin

Skill      XL: |  1  2  3  4 |
---------------+-------------+-----
Spellcasting   | 3 4 |  4.3
Hexes          | 4 5 |  5.0
Short Blades   | |  1.1
Dodging        | |  2.6
Stealth        | |  4.4

Action                   |  1- 3 |  4- 6 || total
-------------------------+-------+-------++-------
Melee: Dagger            |    76 |    11 ||    87
 Cast: Ensorcelled Hiber |    14 |     3 ||    17
  Use: Scroll            |     2 |       ||     2
       Potion            |     1 |       ||     1
 Stab: Sleeping          |    12 |       ||    12
       Distracted        |     1 |       ||     1
       Invisible         |     3 |     2 ||     5
Armor: Robe              |     3 |     2 ||     5
Dodge: Dodged            |    63 |    25 ||    88

Table legend: (Time is in decaauts)
 A = Elapsed time spent in this place.
 B = Non-inter-level travel time spent in this place.
 C = Inter-level travel time spent in this place.
 D = Time resting spent in this place.
 E = Time spent auto-exploring this place.
 F = Levels seen in this place.
 G = Mean time per level.
                   A        B        C        D        E       F      G
               +--------+--------+--------+--------+--------+-----+--------+
         Total |   1655 |   1639 |     16 |    273 |   1128 |   2 |  827.5 |
       Dungeon |   1655 |   1639 |     16 |    273 |   1128 |   2 |  827.5 |
               +--------+--------+--------+--------+--------+-----+--------+

Top non-repeatable levels by time:
     D:1: 935 daAuts
     D:2: 720 daAuts
